AoeStats
← Roidz4

Fortress

508847806Analyzed
2v2 RM · 9d ago on Sep 24, 2026· 47m 32s· 4 players
Game mode
Random Map
Map size
Normal (6 player)
Population
200
Speed
Normal
Resources
Standard
Victory
Conquest
Starting age
Dark Age
Ending age
Imperial Age
RankedLock teamsTeams togetherTeam positionsShared explorationLock speedFull tech treeHidden civsTurbo modeCheats
Victory
Defeat
🇵🇱 Aztecs · Poland
1053
+18
🇵🇱 Italians · Poland
1053
+18
🇿🇦 Ethiopians · South Africa
1124
-18
🇧🇪 Huns · Belgium
1088
-18
Agrone
7:42 Feudal Age
8:11 Double-Bit Axe
8:08 Horse Collar
12:53 Castle Age
11:34 Fletching
11:53 Padded Archer Armor
22:49 Husbandry
24:54 Bodkin Arrow
28:34 Wheelbarrow
27:53 Gold Mining
29:09 Forging
29:05 Scale Barding Armor
29:18 Leather Archer Armor
30:39 Ballistics
30:07 Light Cavalry
33:38 Iron Casting
33:24 Chain Barding Armor
33:49 Bloodlines
34:30 Hand Cart
34:20 Heavy Plow
34:33 Bow Saw
35:00 Gold Shaft Mining
35:54 Marauders
36:43 Thumb Ring
Roidz4
5:41 Loom
7:27 Feudal Age
12:09 Castle Age
11:22 Double-Bit Axe
14:28 Bow Saw
15:18 Horse Collar
16:14 Heavy Plow
16:26 Heavy Plow
19:44 Crossbowman
30:54 Fletching
31:05 Padded Archer Armor
36:06 Thumb Ring
36:35 Ballistics
41:24 Forging
41:19 Scale Barding Armor
generalcyplus
8:19 Feudal Age
9:44 Double-Bit Axe
12:38 Castle Age
10:27 Horse Collar
11:41 Fletching
14:27 Bow Saw
16:36 Heavy Plow
21:49 Wheelbarrow
21:00 Loom
21:00 Town Watch
21:14 Gold Mining
22:03 Bodkin Arrow
22:09 Padded Archer Armor
23:15 Hand Cart
27:06 Imperial Age
25:30 Fortified Wall
25:16 Murder Holes
25:43 Ballistics
25:33 Masonry
25:04 Treadmill Crane
25:45 Leather Archer Armor
27:37 Light Cavalry
28:18 Husbandry
30:02 Chemistry
29:33 Architecture
30:29 Bloodlines
31:32 Elite Genoese Crossbowman
32:49 Hoardings
32:55 Conscription
33:13 Hoardings
33:55 Hussar
37:42 Thumb Ring
41:22 Bracer
41:52 Ring Archer Armor
41:28 Scale Barding Armor
41:34 Forging
44:22 Chain Barding Armor
45:58 Caravan
antylagi
7:21 Feudal Age
11:47 Castle Age
11:16 Double-Bit Axe
12:43 Scale Mail Armor
14:47 Loom
17:21 Forging
17:31 Squires
21:37 Iron Casting
24:58 Bow Saw
24:43 Horse Collar
32:27 Imperial Age
30:35 Wheelbarrow
30:34 Fortified Wall
32:26 Town Watch
33:00 Hand Cart
32:56 Heavy Plow
33:27 Stone Mining
33:29 Gold Mining
34:31 Garland Wars
33:56 Eagle Warrior
35:12 Conscription
34:51 Elite Eagle Warrior
35:22 Arson
36:17 Chain Mail Armor
37:02 Blast Furnace
38:16 Blast Furnace
38:21 Plate Mail Armor
37:43 Fletching
Connection lost

Rejoining the realm…

Still unreachable

The connection could not be restored.

Session expired

The server has moved on; the page needs a fresh start.